 Dungeon Crawl Stone Soup version 0.29-a0-103-g37f86683bf (webtiles) character file.

Game seed: 3430656252772150935

5 Ratty the Firebug (level 1, -2/14 HPs)
             Began as a Draconian Fire Elementalist on Feb 15, 2022.
             Killed from afar by a dart slug (4 damage)
             ... with a slug dart
             ... on level 1 of the Dungeon.
             The game lasted 00:01:18 (188 turns).

Ratty the Firebug (Draconian Fire Elementalist)      Turns: 188, Time: 00:01:18

Health: -2/14      AC:  4    Str: 10    XL:     1   Next: 66%
Magic:  3/3        EV: 12    Int: 15    God:
Gold:   3          SH:  0    Dex: 11    Spells: 3/4 levels left

rFire   . . .      SeeInvis .   (no weapon)
rCold   . . .      Faith    .   (no shield)
rNeg    . . .      Spirit   .   (armour unavailable)
rPois   .          Reflect  .   (helmet restricted)
rElec   .          Harm     .   (no cloak)
rCorr   .          Rampage  .   (no gloves)
Will    .....                   (no boots)
Stlth   ++........              (no amulet)
HPRegen 0.04/turn               (no ring)
MPRegen 0.08/turn               (no ring)

@: no status effects
A: AC +4, unfitting armour, cold-blooded
a: no special abilities


You were on level 1 of the Dungeon.
You visited 1 branch of the dungeon, and saw 1 of its levels.

You collected 3 gold pieces.

Inventory:

Scrolls
 a - 2 scrolls of teleportation {unknown}


   Skills:
 + Level 1.9 Dodging
 + Level 1.7 Stealth
 + Level 2.1 Spellcasting
 + Level 1.0 Conjurations
 + Level 3.2 Fire Magic


You had 3 spell levels left.
You knew the following spells:

 Your Spells              Type           Power      Damage    Failure   Level
a - Foxfire               Conj/Fire      28%        2x1d5     10%         1

Your spell library contained the following spells:

 Spells                   Type           Power      Damage    Failure   Level
 Scorch                   Fire           22%        2d6       9%          2
 Conjure Flame            Conj/Fire      7%         6-21      28%         3
 Inner Flame              Hex/Fire       6%         N/A       34%         3
 Flame Wave               Conj/Fire      7%         2d5       67%         4


Dungeon Overview and Level Annotations

Branches:
Dungeon (1/15)

Altars:


Innate Abilities, Weirdness & Mutations

Your plain brown scales are hard. (AC +4)
You cannot fit into any form of body armour.
You are cold-blooded and may be slowed by cold attacks.


Message History

You are frozen.
* * * LOW HITPOINT WARNING * * *
You hit the endoplasm.
The endoplasm is almost dead.
The endoplasm misses you. The endoplasm closely misses you.
You hit the endoplasm.
You kill the endoplasm!
You feel yourself speed up.
You hit the hobgoblin but do no damage. You tail-slap the hobgoblin.
The hobgoblin is almost dead.
The hobgoblin hits you but does no damage.
You closely miss the hobgoblin.
The hobgoblin is almost dead.
The hobgoblin barely misses you.
You hit the hobgoblin but do no damage.
The hobgoblin is almost dead.
The hobgoblin misses you.
You closely miss the hobgoblin.
The hobgoblin is almost dead.
The hobgoblin hits you but does no damage.
You hit the hobgoblin but do no damage. You tail-slap the hobgoblin.
You kill the hobgoblin!
Found a stone staircase leading down.
You see here a hobgoblin corpse.
A goblin and a dart slug come into view.
Found Ozocubu's Autobiography.
The dart slug launches a dart at you. The slug dart misses you.
A kobold comes into view. It is wielding a +0 dagger.
A hobgoblin comes into view.
The dart slug launches a dart at you.
The slug dart hits you but does no damage.
The hobgoblin shouts!
You hear a shout!
There is a stone staircase leading down here.
The hobgoblin hits you.
* * * LOW HITPOINT WARNING * * *
The goblin closely misses you. The dart slug launches a dart at you.
The slug dart hits you.
You die...

###.....### #. ..#
##.#.#.#.#.###.####.#
#............#.#..#.#
####.#.#.#.#.#.........
#.............# #.. #.#
#..#.#K#.#.#.####.# #.#
##.....g>.......##.###.#
....#:#g#.#w#.#†........
##.....@.......###.###.#
....#.#.#.#.#.#....# #.#
##...............### #.#
+..#.#.#.#.#.#..# #.#
#.......######... ..#
#....... ###.###### #...
... ....... #.. .....
####### #


You could see a dart slug, a hobgoblin, a goblin and a kobold.

Vanquished Creatures
  A bat (D:1)
  An endoplasm (D:1)
  A hobgoblin (D:1)
  A frilled lizard (D:1)
  A rat (D:1)
5 creatures vanquished.

Vanquished Creatures (others)
  A foxfire (D:1)
1 creature vanquished.

Grand Total: 6 creatures vanquished

Notes
Turn   | Place    | Note
-------+----------+-------------------------------------------
     0 | D:1      | Ratty the Draconian Fire Elementalist began the quest for
                  | the Orb.
     0 | D:1      | Reached XP level 1. HP: 14/14 MP: 3/3
   188 | D:1      | Killed from afar by a dart slug

Illustrated notes

Levels and vault maps discovered:
D:1:      ldierk_water_garden, layout_basic, kennysheep_nondescript,
          st_stairs_10, minmay_lizard_pond

Action                   || total
-------------------------++-------
Melee: Unarmed           ||    25
       Tailslap          ||     3
       Hunting sling     ||     2
       Punch             ||     1
 Cast: Foxfire           ||     1
Armor: Skin              ||    41
Dodge: Dodged            ||    64

Table legend: (Time is in decaauts)
 A = Elapsed time spent in this place.
 B = Non-inter-level travel time spent in this place.
 C = Inter-level travel time spent in this place.
 D = Time resting spent in this place.
 E = Time spent auto-exploring this place.
 F = Levels seen in this place.
 G = Mean time per level.
                   A        B        C        D        E       F      G
               +--------+--------+--------+--------+--------+-----+--------+
         Total |    190 |    190 |      0 |      0 |      0 |   1 |  190.0 |
       Dungeon |    190 |    190 |      0 |      0 |      0 |   1 |  190.0 |
               +--------+--------+--------+--------+--------+-----+--------+

Top non-repeatable levels by time:
     D:1: 190 daAuts
